 Dungeon Crawl Stone Soup version 0.26-a0-695-g987792ac36 (webtiles) character file.

Game seed: 9236039773564457144

31440 jasper the Palentonga Aeon (level 13, -1/115 HPs)
             Began as a Palentonga Transmuter on Oct 25, 2020.
             Was the Champion of Cheibriados.
             Killed from afar by an oklob plant (15 damage)
             ... with a splash of acid
             ... on level 5 of the Lair of Beasts.
             The game lasted 00:30:30 (21920 turns).

jasper the Palentonga Aeon (Palentonga Transmuter) Turns: 21920, Time: 00:30:30

Health: -1/115     AC: -1    Str: 30    XL:     13   Next: 26%
Magic:  22/22      EV: 16    Int: 33    God:    Cheibriados [******]
Gold:   1343       SH:  7    Dex: 31    Spells: 2/20 levels left

rFire    + . .     SeeInvis +     - Unarmed
rCold    . . .     Faith    .   E - +0 buckler
rNeg     . . .     Spirit   .   y - +2 robe {rF+}
rPois    .         Reflect  .   P - +1 hat
rElec    .         Harm     .   (no cloak)
rCorr    .         Rampage  .   (no gloves)
MR       .....                  (no barding)
Stlth    ++........             q - amulet of magic regeneration
HPRegen  0.29/turn              L - ring of flight
MPRegen  0.43/turn              o - +6 ring of dexterity

@: corroded, very slow
A: large, rugged brown scales 3, see invisible, deformed body, roll, armoured
tail
a: Rolling Charge, Bend Time, Temporal Distortion, Slouch, Step From Time,
Renounce Religion, Evoke Flight


You were on level 5 of the Lair of Beasts.
You worshipped Cheibriados.
Cheibriados was exalted by your worship.
You visited 3 branches of the dungeon, and saw 17 of its levels.

You collected 1343 gold pieces.

Inventory:

Hand Weapons
 i - a +3 club
Missiles
 b - 512 stones (quivered)
 K - 6 curare-tipped darts
Armour
 a - a +0 robe
 e - +0 steam dragon scales
 y - a +2 robe of fire resistance (worn)
 E - a +0 buckler (worn)
 P - a +1 hat (worn)
Magical Staves
 F - an uncursed staff of earth
Jewellery
 m - an uncursed ring of fire
 o - a +6 ring of dexterity (right hand)
 q - an amulet of magic regeneration (around neck)
 t - an uncursed ring of stealth
 I - an uncursed ring of magical power
 J - an uncursed ring of protection from fire
 L - a ring of flight (left hand)
Wands
 u - a wand of disintegration (44)
 M - a wand of digging (3)
 O - a wand of iceblast (3)
Scrolls
 c - 2 scrolls of amnesia
 d - 6 scrolls of immolation
 j - 10 scrolls of remove curse
 k - 4 scrolls of noise
 l - 8 scrolls of teleportation
 r - 4 scrolls of fog
 A - 2 scrolls of enchant weapon
 D - 2 scrolls of magic mapping
 N - a scroll of fear
Potions
 f - 2 potions of degeneration
 g - 3 potions of mutation
 h - 2 potions of heal wounds
 n - 3 potions of resistance {unknown}
 p - 2 potions of might
 s - 3 potions of magic
 v - 3 potions of flight
 w - 4 potions of haste
 x - 4 potions of curing
 z - 5 potions of cancellation
 B - 5 potions of invisibility
 C - 4 potions of brilliance
 G - 2 potions of lignification
Miscellaneous
 H - a phantom mirror (inert)


   Skills:
 * Level 8.4 Fighting
 + Level 6.5 Dodging
 - Level 2.6 Shields
 + Level 9.4 Unarmed Combat
 - Level 4.0 Spellcasting
 - Level 8.0 Necromancy
 - Level 3.2 Translocations
 - Level 6.0 Transmutations
 - Level 7.0 Earth Magic
 - Level 2.0 Poison Magic
 - Level 12.0 Invocations


You had 2 spell levels left.
You knew the following spells:

 Your Spells              Type           Power        Failure   Level
a - Beastly Appendage     Tmut           #####.       1%          1
b - Wereblood             Tmut           #####...     1%          2
c - Spider Form           Tmut/Pois      ####......   3%          3
d - Borgnjor's Vile Clut  Necr/Erth      ######....   7%          5
e - Blink                 Tloc           N/A          1%          2
f - Lee's Rapid Deconstr  Erth           ######....   9%          5

Your spell library contained the following spells:

 Spells                   Type           Power        Failure   Level
 Corpse Rot               Necr/Air       N/A          1%          2
 Sublimation of Blood     Necr           ######....   1%          2
 Magic Dart               Conj           #...         5%          1
 Call Imp                 Summ           #.......     8%          2
 Slow                     Hex            #.......     8%          2
 Dispel Undead            Necr           ######..     1%          4
 Agony                    Necr           ######..     5%          5
 Excruciating Wounds      Necr           ######....   5%          5
 Mephitic Cloud           Conj/Pois/Air  ##......     12%         3
 Blade Hands              Tmut           #####.....   12%         5
 Conjure Flame            Conj/Fire      #.......     16%         3
 Ice Form                 Ice/Tmut       ####....     16%         4
 Simulacrum               Ice/Necr       ####......   83%         6


Dungeon Overview and Level Annotations

Branches:
Dungeon (11/15)            Temple (1/1) D:5            Lair (5/6) D:11
  Swamp (0/4) Lair:4        Snake (0/4) Lair:3        Slime (0/5) Lair:5
    Orc (0/2) D:11

Altars:
Ashenzari
Cheibriados
Dithmenos
Elyvilon
Gozag
Hepliaklqana
Kikubaaqudgha
Makhleb
Nemelex Xobeh
Okawaru
Qazlal
Ru
Trog
Wu Jian
Xom
The Shining One

Shops:
D:4 =

Annotations:
D:3 1 runed translucent door, Xurdan's ghost, amateur MiGl
D:7 2 runed translucent doors, exclusion: hornet, Crazy Yiuf; eeeeeeeee's ghost, novice MiHu
Lair:5 exclusion: 4 oklob plants


Innate Abilities, Weirdness & Mutations

You are completely covered in rugged brown scales. (AC +3, +7% HP)
You have supernaturally acute eyesight. (SInv)
Armour fits poorly on your strangely shaped body.
You can roll at foes to attack.
You have a long armoured tail.


Message History

Unknown command.
You see here a book of Death.
You pick up a book of Death and begin reading...
You add the spells Corpse Rot, Dispel Undead, Agony and Excruciating Wounds to your library.
The oklob plant spits acid at you. The splash of acid hits you.
The acid corrodes you!
You are splashed with acid!
The oklob plant spits acid at you. The splash of acid hits you!
You are splashed with acid!
The oklob plant spits acid at you. The splash of acid hits you!
The acid corrodes you!
You are splashed with acid!!
You take 79 damage, and have 36/115 hp.
MASSIVE DAMAGE!!
The oklob plant spits acid at you. The splash of acid hits you!
* * * LOW HITPOINT WARNING * * *
You are splashed with acid!
* * * LOW HITPOINT WARNING * * *
The oklob plant spits acid at you. The splash of acid hits you!
You die...

#..#### .#.###
##..##.P#.#
#....#
..........#
#.>PP#
.###.##.#.#
#).P.## ##
##..####.P...#
##...# #....#
##...## #...##
#.....# #....#
###...###@...#
##.....#.$.#
#....##...#
#.....##..#
#.........#
###.......#
##.....##
##...## ##.#


You could see 4 oklob plants.

Vanquished Creatures
  A catoblepas (Lair:4)
  5 hydras
  2 two-headed ogres
  2 unseen horrors (D:11)
  Joseph (D:10)
  A black mamba (Lair:2)
  16 cane toads
  Maggie (Lair:1)
  A torpor snail (Lair:3)
  9 komodo dragons
  3 rime drakes
  2 polar bears
  A troll (D:11)
  Grinder (D:3)
  Prince Ribbit (D:7)
  2 dream sheep (Lair:3)
  Sigmund (D:5)
  A wyvern (Lair:5)
  23 yaks
  4 fire bats (Lair:2)
  A human (D:11)
  5 basilisks
  2 wargs (D:11)
  An acid dragon (D:11)
  19 water moccasins
  4 orc warriors
  3 ice beasts
  A necrophage (D:11)
  2 phantoms
  An eye of draining (D:11)
  3 ogres
  2 sky beasts
  3 black bears
  15 wolves
  5 centaurs
  2 big kobolds
  A gnoll sergeant (D:8)
  10 bullfrogs
  A wyvern skeleton (D:11)
  5 scorpions
  11 killer bees
  3 wights (D:6)
  A howler monkey (D:10)
  3 bullfrog zombies
  A lava snake (Lair:2)
  A quasit (D:10)
  8 orc priests
  10 hounds
  5 jellies
  A bullfrog skeleton (D:5)
  10 orc wizards
  A centaur skeleton (D:4)
  8 iguanas
  8 hell rats (Lair:3)
  5 worker ants
  A worker ant zombie (D:5)
  4 gnolls (D:8)
  22 adders
  12 river rats (Lair:3)
  2 white imps (D:5)
  2 ufetubi (D:7)
  2 adder skeletons
  2 adder zombies
  2 worms
  3 dart slugs
  4 leopard geckos
  35 orcs
  7 giant cockroaches
  14 goblins
  12 hobgoblins
  5 jackals
  13 kobolds
  7 quokkas
  2 ball pythons
  5 bats
  6 frilled lizards
  2 leopard gecko skeletons
  22 rats
426 creatures vanquished.

Vanquished Creatures (collateral kills)
  Sonja (D:10)
1 creature vanquished.

Vanquished Creatures (others)
  24 fungi
  56 plants
80 creatures vanquished.

Grand Total: 507 creatures vanquished

Notes
Turn   | Place    | Note
-------+----------+-------------------------------------------
     0 | D:1      | jasper the Palentonga Transmuter began the quest for the
                  | Orb.
     0 | D:1      | Reached XP level 1. HP: 17/17 MP: 3/3
   275 | D:1      | Reached XP level 2. HP: 22/24 MP: 5/5
  1217 | D:1      | Reached XP level 3. HP: 20/29 MP: 4/6
  1310 | D:1      | Learned a level 2 spell: Wereblood
  1314 | D:1      | Learned a level 3 spell: Spider Form
  2136 | D:2      | Found a sparkling altar of Nemelex Xobeh.
  2350 | D:2      | Reached XP level 4. HP: 22/38 MP: 7/7
  2896 | D:3      | Noticed Xurdan's ghost (amateur MiGl)
  2911 | D:3      | Found a runed translucent door.
  2947 | D:3      | Found an iron altar of Okawaru.
  2995 | D:3      | Noticed Grinder
  3036 | D:3      | Killed Grinder
  3036 | D:3      | Reached XP level 5. HP: 35/44 MP: 6/8
  3036 | D:3      | Reached XP level 6. HP: 42/53 MP: 6/9
  3275 | D:3      | Found a shimmering altar of Xom.
  3346 | D:3      | Found a burning altar of Makhleb.
  3540 | D:3      | Reached skill level 5 in Unarmed Combat
  4087 | D:3      | Found a glowing golden altar of the Shining One.
  4456 | D:4      | Found Itiunalycs's Jewellery Shoppe.
  4784 | D:4      | Reached XP level 7. HP: 60/60 MP: 8/10
  5257 | D:5      | Entered Level 5 of the Dungeon
  5543 | D:5      | Found a burning altar of Makhleb.
  5558 | D:5      | Noticed Sigmund
  5575 | D:5      | Killed Sigmund
  5575 | D:5      | Reached skill level 1 in Poison Magic
  5858 | D:5      | Found a staircase to the Ecumenical Temple.
  5865 | Temple   | Entered the Ecumenical Temple
  5899 | Temple   | Became a worshipper of Cheibriados the Contemplative
  5985 | D:5      | Found a white marble altar of Elyvilon.
  6023 | D:5      | Reached XP level 8. HP: 66/70 MP: 11/11
  7059 | D:6      | Found a bloodstained altar of Trog.
  7094 | D:6      | Found an ancient bone altar of Kikubaaqudgha.
  7463 | D:6      | Reached * piety under Cheibriados
  7935 | D:7      | Reached skill level 5 in Transmutations
  7984 | D:7      | Noticed a hornet
  8019 | D:7      | Reached skill level 5 in Fighting
  8136 | D:7      | Noticed Prince Ribbit
  8310 | D:7      | Found a hazy altar of Hepliaklqana.
  8465 | D:7      | Reached XP level 9. HP: 79/79 MP: 12/12
  8538 | D:7      | Found a runed translucent door.
  8538 | D:7      | Found a shimmering altar of Xom.
  8538 | D:7      | Noticed a +2 mace of chaos
  8538 | D:7      | Noticed eeeeeeeee's ghost (novice MiHu)
  8587 | D:7      | Killed Prince Ribbit
  8597 | D:7      | Found a broken altar of Ashenzari.
  8835 | D:7      | Found a runed translucent door.
  8836 | D:7      | Noticed Crazy Yiuf
  9011 | D:8      | Reached ** piety under Cheibriados
  9011 | D:8      | Reached skill level 1 in Invocations
  9119 | D:8      | Identified the Reference Book on Unholy Earth
  9127 | D:8      | Learned a level 5 spell: Borgnjor's Vile Clutch
  9290 | D:8      | Reached skill level 5 in Dodging
  9306 | D:8      | Reached skill level 2 in Invocations
  9620 | D:8      | Reached skill level 3 in Invocations
  9737 | D:8      | Noticed a two-headed ogre
  9745 | D:8      | Killed a two-headed ogre
  9745 | D:8      | Reached skill level 4 in Invocations
  9964 | D:8      | Reached XP level 10. HP: 81/89 MP: 13/13
 10138 | D:8      | Learned a level 2 spell: Blink
 10260 | D:8      | Reached skill level 1 in Translocations
 10341 | D:9      | Reached *** piety under Cheibriados
 10647 | D:9      | Found a stormy altar of Qazlal.
 10745 | D:9      | Reached skill level 1 in Shields
 11121 | D:9      | Found a sacrificial altar of Ru.
 11285 | D:10     | Entered Level 10 of the Dungeon
 11289 | D:10     | Reached skill level 5 in Invocations
 11294 | D:10     | Noticed Joseph
 11299 | D:10     | Killed Joseph
 11387 | D:10     | Reached skill level 6 in Invocations
 11404 | D:10     | Reached **** piety under Cheibriados
 11723 | D:10     | Reached skill level 7 in Invocations
 11853 | D:10     | Noticed Sonja
 11854 | D:10     | Killed Sonja
 11854 | D:10     | Reached skill level 8 in Invocations
 12374 | D:11     | Reached skill level 1 in Necromancy
 12436 | D:11     | Reached skill level 1 in Earth Magic
 12441 | D:11     | Found a staircase to the Orcish Mines.
 12445 | D:11     | Reached ***** piety under Cheibriados
 12811 | D:11     | Reached XP level 11. HP: 82/96 MP: 17/17
 12868 | D:11     | Noticed a two-headed ogre
 12875 | D:11     | Killed a two-headed ogre
 12948 | D:11     | Noticed an unseen horror
 12953 | D:11     | Killed an unseen horror
 13155 | D:11     | Noticed an unseen horror
 13158 | D:11     | Killed an unseen horror
 13246 | D:11     | Found a staircase to the Lair.
 13427 | D:11     | Reached skill level 5 in Necromancy
 13580 | D:11     | Noticed a boulder beetle
 13636 | Lair:1   | Entered Level 1 of the Lair of Beasts
 13639 | Lair:1   | Noticed Maggie
 13639 | Lair:1   | Noticed a seven-headed hydra
 13651 | D:11     | Killed a seven-headed hydra
 13651 | D:11     | Reached skill level 5 in Earth Magic
 13954 | Lair:1   | Killed Maggie
 15869 | Lair:2   | Reached XP level 12. HP: 86/102 MP: 18/18
 16164 | Lair:2   | Reached skill level 9 in Invocations
 17130 | Lair:3   | Reached skill level 10 in Invocations
 17716 | Lair:3   | Reached skill level 11 in Invocations
 18012 | Lair:3   | Found a staircase to the Snake Pit.
 18173 | Lair:3   | Reached ****** piety under Cheibriados
 18664 | Lair:3   | Reached skill level 12 in Invocations
 19154 | Lair:3   | Noticed a four-headed hydra
 19160 | Lair:3   | Killed a four-headed hydra
 19743 | Lair:4   | Noticed an eight-headed hydra
 19751 | Lair:4   | Killed an eight-headed hydra
 20190 | Lair:4   | Found a staircase to the Swamp.
 20514 | Lair:4   | Reached XP level 13. HP: 113/113 MP: 22/22
 21399 | Lair:4   | Learned a level 5 spell: Lee's Rapid Deconstruction
 21915 | Lair:5   | Found a staircase to the Slime Pits.
 21920 | Lair:5   | Killed from afar by an oklob plant

Illustrated notes

Levels and vault maps discovered:
D:1:      dpeg_arrival_lava_temple_mockup, layout_basic
D:2:      layout_basic, serial_corexii_hall, chequers_hall_statues_corner_a,
          corexii_hall_statues_deadend, nemelex_diamond_rough_becter
D:3:      layout_basic, nicolae_overflow_crystal_walls,
          okawaru_ov_weapons_minmay, xom_teletrap_fun, tso_oasis_becter,
          hellmonk_ghost_happy_afterlife, minmay_door_square, uniq_grinder
D:4:      layout_loops_ring, serial_shops, nicolae_shop_statue_plus,
          minmay_misc_feat_secret_circle
D:5:      layout_gridville, elyvilon_altar_3, minmay_temple_entry_waves,
          basic_altar, uniq_sigmund
D:6:      layout_basic, lemuel_round_altar, overflow_temple_1_default
D:7:      layout_loops_corners, lemuel_doored_altar, evilmike_ruin_ashenzari,
          ebering_ghost_xom, minmay_misc_feat_hallway, uniq_prince_ribbit1,
          uniq_crazy_yiuf_cottage
D:8:      layout_gridville
D:9:      layout_roguey, lemuel_round_altar, old_standard_altar
D:10:     layout_cave_pods, uniq_sonja, uniq_joseph
D:11:     layout_long_grid, david_lair_shrubbed, erik_orc_4, enter_bailey_3
Temple:   jpeg_temple_clearing
Lair:1:   layout_regular_city, beast_lair_carwin_2, serial_bayou_shore_b,
          uniq_maggie
Lair:2:   layout_gridlike, lemuel_fruit_tree
Lair:3:   lemuel_ratsnest, layout_regular_city,
          minmay_snake_entry_six_corridors, chequers_serial_rivers_marsh
Lair:4:   layout_cave_pods, minmay_swamp_entry_reptiles
Lair:5:   layout_loops_ring, minmay_slime_entry_oklob_enclosed,
          eino_small_chamber_without_monster, grunt_megastairs_4

Skill      XL: |  1  2  3  4  5  6  7  8  9 10 11 12 13 |
---------------+----------------------------------------+-----
Dodging        | 2 3 4 5 6 |  6.5
Fighting       | 2 3 4 5 6 7 8 |  8.4
Unarmed Combat | 4 5 6 7 8 9 |  9.4
Transmutations | 3 4 5 6 |  6.0
Poison Magic   | 1 2 |  2.0
Invocations    | 4 8 12 | 12.0
Translocations | 3 |  3.2
Shields        | 2 |  2.6
Necromancy     | 3 7 8 |  8.0
Earth Magic    | 2 7 |  7.0
Spellcasting   | 3 4 |  4.0

Action                   |  1- 3 |  4- 6 |  7- 9 | 10-12 | 13-15 || total
-------------------------+-------+-------+-------+-------+-------++-------
Melee: Unarmed           |   134 |   106 |   278 |   578 |    54 ||  1150
       Tailslap          |    11 |    13 |    35 |   139 |    16 ||   214
       Headbutt          |     7 |    11 |    40 |   172 |    20 ||   250
       Kick              |    10 |    16 |    59 |   267 |    24 ||   376
       Punch             |     1 |     3 |    13 |     6 |       ||    23
Throw: Stone             |    23 |    31 |    11 |    54 |     8 ||   127
       Boomerang         |       |       |    36 |    31 |       ||    67
 Cast: Beastly Appendage |    15 |    11 |    27 |    66 |     7 ||   126
       Blink             |       |       |       |     6 |       ||     6
       Borgnjor's Vile C |       |       |       |     2 |       ||     2
       Lee's Rapid Decon |       |       |       |       |     5 ||     5
Invok: Slouch            |       |       |       |     4 |       ||     4
 Abil: Rolling Charge    |    27 |    23 |    40 |    76 |     7 ||   173
Evoke: Wand              |       |     4 |    15 |     3 |     2 ||    24
       Phantom mirror    |       |       |       |     2 |       ||     2
  Use: Potion            |       |     2 |       |     3 |       ||     5
       Scroll            |       |       |     8 |    15 |       ||    23
 Stab: Petrified         |       |       |       |     2 |       ||     2
Armor: Robe              |    41 |    15 |    47 |    69 |     9 ||   181
Dodge: Dodged            |    47 |    48 |   140 |   267 |    28 ||   530
Block: Buckler           |       |       |       |   117 |    13 ||   130

Table legend: (Time is in decaauts)
 A = Elapsed time spent in this place.
 B = Non-inter-level travel time spent in this place.
 C = Inter-level travel time spent in this place.
 D = Time resting spent in this place.
 E = Time spent auto-exploring this place.
 F = Levels seen in this place.
 G = Mean time per level.
                   A        B        C        D        E       F      G
               +--------+--------+--------+--------+--------+-----+--------+
         Total |  27115 |  26351 |    764 |   4215 |  19359 |  17 | 1595.0 |
       Dungeon |  16307 |  15728 |    579 |   2260 |  11722 |  11 | 1482.5 |
        Temple |     47 |     23 |     24 |      0 |     20 |   1 |   47.0 |
          Lair |  10760 |  10599 |    161 |   1954 |   7617 |   5 | 2152.0 |
               +--------+--------+--------+--------+--------+-----+--------+

Top non-repeatable levels by time:
  Lair:3: 3090 daAuts
  Lair:4: 2958 daAuts
  Lair:1: 2239 daAuts
    D:11: 1880 daAuts
    D:10: 1835 daAuts
  Lair:2: 1824 daAuts
     D:5: 1688 daAuts
     D:7: 1633 daAuts
     D:8: 1629 daAuts
     D:1: 1445 daAuts
     D:2: 1421 daAuts
     D:3: 1267 daAuts
     D:9: 1201 daAuts
     D:6: 1187 daAuts
     D:4: 1118 daAuts
